 Dungeon Crawl Stone Soup version 0.27.1-34-g3ba077fa99 (webtiles) character file.

Game seed: 6802679990859020211

28 McKennaii the Skirmisher (level 2, -7/24 HPs)
             Began as a Demonspawn Fighter on Jan 15, 2022.
             Mangled by Sigmund (8 damage)
             ... on level 2 of the Dungeon.
             The game lasted 00:01:10 (988 turns).

McKennaii the Skirmisher (Demonspawn Fighter)        Turns: 988, Time: 00:01:11

Health: -7/24      AC:  6    Str: 16    XL:     2   Next: 96%
Magic:  2/2        EV:  6    Int:  9    God:
Gold:   33         SH:  0    Dex: 12    Spells: 1/1 levels left

rFire    . . .     SeeInvis .   a - +0 trident
rCold    . . .     Faith    .   c - +0 kite shield
rNeg     . . .     Spirit   .   b - +0 scale mail
rPois    .         Reflect  .   (no helmet)
rElec    .         Harm     .   (no cloak)
rCorr    .         Rampage  .   (no gloves)
Will     .....                  (no boots)
Stlth    ..........             (no amulet)
HPRegen  0.08/turn              (no ring)
MPRegen  0.08/turn              (no ring)

@: confused, mighty
A: powered by death 1
a: no special abilities


You were on level 2 of the Dungeon.
You visited 1 branch of the dungeon, and saw 2 of its levels.

You collected 33 gold pieces.

Inventory:

Hand Weapons
 a - a +0 trident (weapon)
Armour
 b - a +0 scale mail (worn)
 c - a +0 kite shield (worn)
Potions
 d - a potion of might
 e - a potion of lignification
 f - a potion of invisibility {unknown}


   Skills:
 + Level 3.2 Fighting
 * Level 2.4 Polearms
 + Level 2.9 Armour
 + Level 2.9 Shields


You had one spell level left.
You didn't know any spells.
Your spell library was empty.

Dungeon Overview and Level Annotations

Branches:
Dungeon (2/15)

Altars:

Annotations:
D:2 Sigmund


Innate Abilities, Weirdness & Mutations

You regenerate a little health from kills.


Message History

You resist with significant effort.
You feel less confused.
Sigmund casts a spell.
Sigmund flickers and vanishes!
Deactivating autopickup; reactivate with Ctrl-A.
As you read the scroll labelled SOCEFI BOPH, it crumbles to dust.
It is a scroll of identify.
e - a potion of lignification Reach: a) +0 trident
Press: ? - help, Dir - move target You reach to attack!
Your shield and scale mail prevent you from hitting something.
Something hits you.
Unknown command.
You feel very mighty all of a sudden. Something hits you!
Reach: a) +0 trident
Press: ? - help, Dir - move target You reach to attack!
You miss something. You block something's attack.
Unknown command.
Reach: a) +0 trident
Press: ? - help, Dir - move target You reach to attack!
You miss something. Something completely misses you.
Unknown command.
Reach: a) +0 trident
Press: ? - help, Dir - move target You reach to attack!
You puncture something!
You hear some strange, mumbled words.
You are confused.
Unknown command.
You hear some strange, mumbled words.
Something tries to affect you, but you resist.
You bump into the rock wall.
Something hits you.
You barely miss something.
You hear some strange, mumbled words.
Something tries to affect you, but you resist.
You closely miss something. Something hits you!
* * * LOW HITPOINT WARNING * * *
Something hits you!
You die...

#..........'.........
#..........##.#######
#..........##.#
#..........##.#
#############.# #.#
#############.#
#.........{...#
#..?.......@..#
#.............#
...............#
...............#
...............#
..##+########### .


There were no monsters in sight!

Vanquished Creatures
  2 bats (D:1)
  An endoplasm (D:1)
  A giant cockroach (D:2)
  5 goblins
  4 hobgoblins (D:1)
  2 quokkas (D:1)
  2 ball pythons (D:1)
  A frilled lizard (D:1)
  3 kobolds (D:1)
  A rat (D:1)
22 creatures vanquished.

Notes
Turn   | Place    | Note
-------+----------+-------------------------------------------
     0 | D:1      | McKennaii the Demonspawn Fighter began the quest for the
                  | Orb.
     0 | D:1      | Reached XP level 1. HP: 18/18 MP: 1/1
   327 | D:1      | Gained mutation: You regenerate a little health from kills.
                  | [demonic ancestry]
   327 | D:1      | Reached XP level 2. HP: 24/24 MP: 2/2
   919 | D:2      | Found a faded altar of an unknown god.
   964 | D:2      | Noticed Sigmund
   987 | D:2      | HP: 1/24 [something (11)]
   988 | D:2      | Mangled by Sigmund

Illustrated notes

Levels and vault maps discovered:
D:1:      dpeg_arrival_connections, layout_basic, chequers_serial_rivers_large_a
D:2:      layout_basic, dreamdust_ecumenical_altar_grove, basic_altar,
          corexii_corridor_pit, uniq_sigmund

Skill      XL: |  1 |
---------------+----+-----
Polearms       | 2 |  2.4
Fighting       | |  3.2
Armour         | |  2.9
Shields        | |  2.9

Action                   || total
-------------------------++-------
Melee: Trident           ||    76
  Use: Scroll            ||     1
       Potion            ||     1
Armor: Scale mail        ||    21
Dodge: Dodged            ||    18
Block: Kite shield       ||    29
